[Event "GrandPrix_30.05"]
[Site "Chess.com"]
[Date "2020.05.30"]
[Round "5"]
[White "HElissalt"]
[Black "DrVelja"]
[Result "0-1"]
[WhiteElo "2072"]
[BlackElo "2265"]
[TimeControl "600+2"]
[EndTime "10:24:22 PDT"]
[Termination "DrVelja won by resignation"]

1. d4 Nf6 2. c4 g6 3. Nc3 Bg7 4.
e4 d6 5. Be2 O-O 6. Be3 Na6 7.
Nf3 e5 8. d5 c6 9. Nd2 Bd7 10.
O-O c5 11. a3 Kh8 12. Rb1 Ng8 13. b4 b6 14. Nb5 Bc8 15. Qc2 Bh6 16. Qc3 Bg7 17.
Nb3 f5 18. f3 Nf6 19. bxc5 Nxc5 20. Nxc5 bxc5 21. exf5 Bxf5 22. Qd2 Bxb1 23. Rxb1 a6 24.
Nc3 Rb8 25. Rxb8 Qxb8 26. Bd3 Qb3 27. Ne4 Nxe4 28. Bxe4 Qxc4 29. h4 Bf6 30. h5 gxh5 31.
Qa5 Qe2 32. Bf2 Bd8 33. Qa4 Qb5 34. Qc2 Qd7 35. Qe2 a5 36. Bd3 Qg7 37. g3 h4 38.
g4 h5 39. Kh1 hxg4 40. fxg4 Bg5 41. Bf5 Qb7 42. Be3 Qxd5+ 43. Kh2 Qg8 44. Qd2 Rxf5 0-1

[Event "GrandPrix_30.05"]
[Site "Chess.com"]
[Date "2020.05.30"]
[Round "5"]
[White "Vuk2000"]
[Black "Sergey_Krivenko"]
[Result "1/2-1/2"]
[WhiteElo "2195"]
[BlackElo "2085"]
[TimeControl "600+2"]
[EndTime "10:24:30 PDT"]
[Termination "Game drawn - insufficient material"]

1. e4 e6 2. d4 d5 3. Nc3 Bb4 4. e5 Ne7 5. a3 Bxc3+ 6. bxc3 b6 7. Qg4 Ng6 8. h4 h5 9. Qg3 Ba6 10. Ne2 Qd7 11. Nf4 Nxf4 12. Bxf4 g6 13. Bxa6 Nxa6 14. Qd3 Qa4 15. Bg5 Nb8 16. Bf6 Rg8 17. g4 Nd7 18.
Bg5 Rh8 19. f3 Rc8 20. Kd2 c5 21. Rhb1 Kf8 22. Qb5 Qxb5 23. Rxb5 Kg7 24. a4 hxg4 25. fxg4 f6 26. exf6+ Nxf6 27. Bxf6+ Kxf6 28. g5+ Kf5 29. Rf1+ Kg4 30. Rg1+ Kh5 31. a5 cxd4 32. cxd4 Rhf8 33. Rg2 Rf4 34. axb6 Rxd4+ 35. Kc1 axb6 36. Rxb6 Rxh4 37. Rxe6 d4 38. Rd6 Rc4 39. Kd2 Rc5 40. Rd7 Rg4 41. Rxg4 Kxg4 42. Rxd4+ Kxg5 43. c4 Kf5 44. Kd3 g5 45.
Rd8 Rc7 46. Kd4 Rg7 47. Kd5 g4 48.
Rf8+ Kg5 49. Ke4 Re7+ 50. Kd5 g3 51. Rg8+ Kf4 52. c5 Re5+ 53. Kd6 Rg5 54. Rxg5 Kxg5 55. c6 g2 56. c7 g1=Q 57. c8=Q Qd4+ 58. Kc7 Qc5+ 59. Kb8 Qxc8+ 60. Kxc8 1/2-1/2

[Event "GrandPrix_30.05"]
[Site "Chess.com"]
[Date "2020.05.30"]
[Round "5"]
[White "Gareth-Bale11"]
[Black "switlave"]
[Result "1-0"]
[WhiteElo "2478"]
[BlackElo "2236"]
[TimeControl "600+2"]
[EndTime "10:24:34 PDT"]
[Termination "Gareth-Bale11 won by resignation"]

1. Nf3 Nf6 2. c4 g6 3. Nc3 d5 4. cxd5 Nxd5 5. Qb3 Nb6 6. d4 Bg7 7. e4 O-O 8. Be3 Bg4 9. Rd1 Nc6 10. d5 Ne5 11.
Be2 Qd6 12. h3 Nxf3+ 13. gxf3 Bh5 14. a4 a5 15. Nb5 Qb4+ 16. Qxb4 axb4 17. Nxc7 Nxa4 18.
Nxa8 Rxa8 19. f4 Bxe2 20. Kxe2 Bxb2 21. Kd3 Nc3 22. Rd2 Ba3 23. Ra1 f5 24. f3 Kf7 25.
Rc2 e6 26. d6 fxe4+ 27. fxe4 e5 28. Bc5 Na4 29. fxe5 b3 30. Bxa3 bxc2 31. Rf1+ Ke6 32.
Kd4 Nc3 33. Rf6+ Kd7 34. Rf7+ Ke8 35. Re7+ Kd8 36. Kxc3 Rxa3+ 37. Kxc2 Re3 38. Kd2 Rxe4 39. Kd3 Re1 40. Kd4 b5 41. Kd5 b4 42. Rb7 1-0

[Event "GrandPrix_30.05"]
[Site "Chess.com"]
[Date "2020.05.30"]
[Round "5"]
[White "Bacyanide"]
[Black "ZefirKa"]
[Result "1-0"]
[WhiteElo "2458"]
[BlackElo "2126"]
[TimeControl "600+2"]
[EndTime "10:24:40 PDT"]
[Termination "Bacyanide won by resignation"]

1. d4 d5 2. Nf3 a6 3. Bf4 Nf6 4. e3 Bf5 5. c4 e6 6. Nc3 Bd6 7. Bxd6 Qxd6 8. Qb3 b6 9. cxd5 exd5 10. Be2 Nbd7 11.
O-O O-O 12. Rac1 b5 13. Qd1 Bg4 14. Ne1 Bxe2 15. Nxe2 c5 16. dxc5 Nxc5 17. Ng3 Rac8 18. Nf3 h6 19. Qe2 g6 20. Rfd1 Qe7 21. Nd4 Nce4 22.
Nxe4 dxe4 23. h3 Kg7 24. a4 bxa4 25. Qxa6 Rxc1 26. Rxc1 Qb4 27. Rc7 Re8 28. Qa7 Qe1+ 29. Kh2 Qxf2 30. Rxf7+ Kg8 31. Rg7+ Kh8 32. Rxg6 Nh5 33.
Rxh6+ Kg8 34. Qh7+ Kf8 35. Rxh5 1-0

[Event "GrandPrix_30.05"]
[Site "Chess.com"]
[Date "2020.05.30"]
[Round "5"]
[White "Rakhmanov_Aleksandr"]
[Black "NikolaGry"]
[Result "0-1"]
[WhiteElo "2378"]
[BlackElo "2199"]
[TimeControl "600+2"]
[EndTime "10:24:48 PDT"]
[Termination "NikolaGry won by resignation"]

1. d4 d5 2. c4 Nc6 3. e3 e6 4. Nc3 Nf6 5. Nf3 Bb4 6. Bd2 dxc4 7. Bxc4 O-O 8. O-O a6 9. a3 Bd6 10. Qc2 e5 11. h3 Bd7 12. Rad1 Qe7 13. Ng5 g6 14. d5 Nd8 15. f4 b5 16. Bd3 Nb7 17. b4 Rae8 18. f5 e4 19. Ngxe4 Nxe4 20. Bxe4 Qe5 21.
Rf3 Qh2+ 22. Kf2 Be5 23. Bd3 gxf5 24. Bxf5 Bxf5 25. Qxf5 Nd6 26. Qg4+ Kh8 27. Ke2 Rg8 28. Qh4 Rxg2+ 29. Rf2 Nf5 30. Rxg2 Qxg2+ 31. Qf2 Ng3+ 0-1

[Event "GrandPrix_30.05"]
[Site "Chess.com"]
[Date "2020.05.30"]
[Round "5"]
[White "KruHor"]
[Black "Bosiocic"]
[Result "1/2-1/2"]
[WhiteElo "2471"]
[BlackElo "2687"]
[TimeControl "600+2"]
[EndTime "10:24:50 PDT"]
[Termination "Game drawn by agreement"]

1. d4 d6 2. Nf3 Nf6 3. c4 g6 4. Nc3 Bf5 5. d5 Bg7 6. Nd4 Bd7 7. e4 O-O 8. Be2 c5 9. Nc2 Na6 10. O-O Nc7 11. a4 b6 12. Bf4 a6 13. Qd2 Bh8 14.
h3 Rb8 15. e5 Nfe8 16. exd6 Nxd6 17. b4 Bf5 18. Bd3 Qd7 19. Rab1 Rfc8 20. a5 Nce8 21. axb6 Rxb6 22. Be3 cxb4 23. Nxb4 Nxc4 24. Bxc4 Rxc4 25. Bxb6 Bxc3 26. Qe2 Rxb4 27. Rxb4 Bxb4 28. Qxa6 Qxd5 29. Qa4 Bd6 30. Qxe8+ Kg7 31. Qa4 f6 32. Qd4 Qc6 33.
Qe3 Qd5 34. Rc1 Kf7 35. Qd4 Qb7 36. Bc5 Be5 37. Qb4 Qd7 38. Qb3+ Be6 39. Qe3 g5 40. Qe2 1/2-1/2

[Event "GrandPrix_30.05"]
[Site "Chess.com"]
[Date "2020.05.30"]
[Round "5"]
[White "Glek_Igor"]
[Black "viktorskliarov"]
[Result "1-0"]
[WhiteElo "2458"]
[BlackElo "2234"]
[TimeControl "600+2"]
[EndTime "10:24:52 PDT"]
[Termination "Glek_Igor won by resignation"]

1. e4 c5 2. Nf3 Nc6 3. Bb5 e6 4.
O-O Nge7 5. Re1 Nd4 6. Nxd4 cxd4 7. c4 Ng6 8. d3 Bd6 9. g3 h5 10. f4 h4 11. e5 hxg3 12. hxg3 Bc5 13. Nd2 a6 14. Ba4 b5 15. cxb5 Nxf4 16. Ne4 Nh3+ 17. Kg2 Bb7 18. Rh1 axb5 19. Bxb5 Qa5 20. a4 f5 21.
exf6 gxf6 22. Rxh3 Ke7 23. Bd2 Bb4 24. Rxh8 Rxh8 25.
Qg4 Rh7 26. Qg6 Rf7 27. Bf4 Qa8 28. Rh1 Qf8 29. Rh7 Rxh7 30. Qxh7+ Qf7 31. Qxf7+ Kxf7 32. Kf2 e5 33. Bd2 Be7 34. b4 d5 35. Nc5 Ba8 36. a5 e4 37. Bf4 e3+ 38. Ke2 1-0

[Event "GrandPrix_30.05"]
[Site "Chess.com"]
[Date "2020.05.30"]
[Round "5"]
[White "TheEternalPatzer"]
[Black "lelajavakhishvili"]
[Result "1-0"]
[WhiteElo "2068"]
[BlackElo "2098"]
[TimeControl "600+2"]
[EndTime "10:24:56 PDT"]
[Termination "TheEternalPatzer won by resignation"]

1. c4 c5 2. Nf3 Nc6 3. Nc3 g6 4.
e3 Bg7 5. d4 d6 6. Be2 Nh6 7. d5 Na5 8. e4 O-O 9. O-O a6 10. Re1 Bd7 11. Bg5 b5 12. Qd2 Ng4 13. h3 Ne5 14. Nxe5 Bxe5 15. f4 Bd4+ 16. Kh1 Nxc4 17. Bxc4 bxc4 18. e5 dxe5 19. fxe5 Bf5 20. d6 Qd7 21. Nd5 f6 22. Nxe7+ Kh8 23. Bxf6+ Rxf6 24. exf6 Qxd6 25. Nxf5 gxf5 26. f7 Rf8 27. Re8 Kg7 28.
Qg5+ Qg6 29. Qxg6+ hxg6 30. Rxf8 Kxf8 31. Rc1 Bxb2 32.
Rxc4 Bd4 33. Ra4 Kxf7 34. Rxa6 f4 35. g3 fxg3 36. Kg2 Bf2 37. Rc6 g5 38. a4 Ke7 39.
Rg6 Be3 40. Kxg3 Kd7 41. Kf3 Bf4 42. Ke4 Kc7 43. Kd5 Be3 44. Kc4 Kb7 45. Kb5 Kc7 46.
a5 Kb8 47. Rc6 Kb7 48. a6+ Ka7 49. Rc7+ Ka8 50. Re7 Bd4 51. Rc7 Be3 52. Kb6 c4+ 53.
Kb5 Bf4 54. Rxc4 Bb8 55. Rc6 Bf4 56. Kc4 Ka7 57. Kd5 Be3 58. Ke4 Bb6 59. Kd3 Kxa6 60. Ke4 Kb7 61. Rc4 Ba5 62. Kd5 Bd2 63. Rc2 Be1 64.
Kd6 Bg3+ 65. Kd7 Kb6 66. Ke6 Kb5 67. Kf5 Bh4 68. Rg2 Kc6 69. Rxg5 Bxg5 70. Kxg5 Kd6 71. Kf6 Kd7 72. Kf7 Kd6 73. h4 Ke5 74. h5 1-0

[Event "GrandPrix_30.05"]
[Site "Chess.com"]
[Date "2020.05.30"]
[Round "5"]
[White "abraham1982"]
[Black "Kopytkin"]
[Result "1-0"]
[WhiteElo "2197"]
[BlackElo "2074"]
[TimeControl "600+2"]
[EndTime "10:25:00 PDT"]
[Termination "abraham1982 won by resignation"]

1. e4 c6 2. d4 d5 3. exd5 cxd5 4. c4 Nf6 5. Nc3 g6 6. Qb3 Bg7 7. cxd5 O-O 8. Nf3 Nbd7 9. Bg5 Nb6 10. Bxf6 Bxf6 11. a4 Bf5 12. a5 Nc8 13. Be2 Nd6 14. Ne5 a6 15. O-O Rc8 16. Rfd1 h5 17. Ra4 h4 18. h3 Rc7 19. Nd3 Qc8 20. Nc5 Kg7 21. Bf3 Rh8 22. N3e4 Bxe4 23. Bxe4 Rd8 24. Qe3 Rh8 25. Rb4 Rh5 26. Rb6 Nc4 27. Qb3 Nxb6 28. axb6 Rxc5 29. dxc5 Qxc5 30. d6 exd6 31. Bxb7 Bd4 32.
Bf3 Bxf2+ 33. Kh1 Qxb6 34. Qxb6 Bxb6 35. Bxh5 gxh5 36. Rxd6 Bf2 37. Rxa6 Kf8 38. b4 Ke7 39. Ra5 Kd6 40. Rxh5 f6 41. Rf5 Bd4 42. Rf4 Ke5 43.
Rxh4 f5 44. Rxd4 Kxd4 45. h4 1-0

[Event "GrandPrix_30.05"]
[Site "Chess.com"]
[Date "2020.05.30"]
[Round "5"]
[White "SavelievAlexei"]
[Black "Jaka_Brilej"]
[Result "0-1"]
[WhiteElo "2178"]
[BlackElo "2137"]
[TimeControl "600+2"]
[EndTime "10:25:05 PDT"]
[Termination "Jaka_Brilej won by resignation"]

1. e4 c5 2. Nf3 Nc6 3. Nc3 Nf6 4. d4 cxd4 5. Nxd4 e5 6. Ndb5 d6 7. Nd5 Nxd5 8. exd5 Nb8 9. c4 Be7 10. Be2 O-O 11. O-O f5 12. f4 Nd7 13. Kh1 a6 14. Nc3 Bf6 15. Qc2 exf4 16. Bxf4 Ne5 17. Rae1 Bd7 18. b3 Rc8 19. Qd2 b5 20. cxb5 Ng6 21.
Nd1 Nxf4 22. Qxf4 Be5 23. Qb4 axb5 24. Bxb5 Bxb5 25. Qxb5 Qh4 26. g3 Bxg3 27. Re2 Be5 28. Qd3 f4 29. a4 Rc1 30. Ref2 Rfc8 31. a5 Ra1 32. b4 Rcc1 33. Rc2 f3 34. Qxf3 h6 35. Rg2 Qf4 36. Qxf4 Bxf4 37. Rgg1 Be5 38. Kg2 Rc2+ 39. Rf2 Rc4 40. Ne3 Rxg1+ 41. Kxg1 Rxb4 42. Kg2 Ra4 43. Nc4 Rxc4 44. Ra2 Bd4 45. a6 Ba7 46. Rb2 Ra4 0-1

[Event "GrandPrix_30.05"]
[Site "Chess.com"]
[Date "2020.05.30"]
[Round "5"]
[White "Mikhail_Golubev"]
[Black "Evgeny81"]
[Result "0-1"]
[WhiteElo "2091"]
[BlackElo "2411"]
[TimeControl "600+2"]
[EndTime "10:25:08 PDT"]
[Termination "Evgeny81 won on time"]

1. e4 e5 2. Nf3 Nc6 3. Nc3 Nf6 4. d4 exd4 5. Nxd4 Bb4 6. Nxc6 bxc6 7. Bd3 O-O 8. O-O d5 9. Bd2 Bd6 10. Bg5 h6 11. Bxf6 Qxf6 12. exd5 cxd5 13. Nxd5 Qxb2 14.
Qf3 Qe5 15. g3 Be6 16. Nf4 Bd7 17. Rae1 Qf6 18. Qe4 g6 19. Nd5 Qg7 20. Qh4 Be6 21.
Ne7+ Bxe7 22. Qxe7 Bh3 23. Qxc7 Bxf1 24. Kxf1 Qf6 25. Re7 Rae8 26. Rxe8 Rxe8 27. Kg2 Re7 28. Qd8+ Kg7 29. Bc4 Qc6+ 30. Bd5 Qc5 31. Bf3 Re6 32. Qd3 Rd6 33. Qb3 Rd2 34. Qb2+ Kh7 35. Qf6 Qxf2+ 0-1

[Event "GrandPrix_30.05"]
[Site "Chess.com"]
[Date "2020.05.30"]
[Round "5"]
[White "eristeski7"]
[Black "Pash2015"]
[Result "1/2-1/2"]
[WhiteElo "2157"]
[BlackElo "2211"]
[TimeControl "600+2"]
[EndTime "10:25:11 PDT"]
[Termination "Game drawn by agreement"]

1. e4 c5 2. Nf3 a6 3. c4 Nc6 4. d4 cxd4 5. Nxd4 e5 6. Nc2 Nf6 7. Nc3 Be7 8. Be2 O-O 9. O-O d6 10.
Be3 Be6 11. f3 h6 12. Nd5 Rc8 13. Qd2 Bxd5 14. cxd5 Nb8 15. Rac1 Nbd7 16. Na3 Rxc1 17. Rxc1 Qb8 18. Rc2 Rc8 19. Qc1 Rxc2 20. Qxc2 Bd8 21.
b4 Bb6 22. Bxb6 Nxb6 23. b5 axb5 24. Nxb5 Nfd7 25. Qc7 Qxc7 26. Nxc7 Kf8 27. Kf2 Ke7 28. Ke3 Nc5 29. Nb5 f5 30. g3 g5 31. g4 f4+ 32.
Kd2 Kd7 33. Kc3 Nba4+ 34. Kb4 Nb6 35. Kc3 Nc8 36. Kb4 Ne7 37. Kc3 Ng6 38. Kd2 Nh4 39. Nc3 Ng2 40. Nb5 Ne3 41. Nc3 Ke7 42. Bb5 Kd8 43. Be2 Kd7 44. Bb5+ Ke7 45. Be2 Ke8 46. Bb5+ Kd8 47. Be2 Nd7 48. Nb5 Ke7 49. Nc3 Nf6 50. Nb5 h5 51. h3 h4 52. Nc3 Ne8 53. Kd3 Nc7 54. Kd2 Kd8 55. Nb1 b6 56. Nc3 Kc8 57. Nb1 Ne8 58. Nc3 Kb7 59. Nb5 Ng2 60.
Nc3 Nc7 61. Bf1 Ne3 62. Be2 Ka7 63. Bd3 Kb8 64. Be2 Kc8 65. Bd3 1/2-1/2

[Event "GrandPrix_30.05"]
[Site "Chess.com"]
[Date "2020.05.30"]
[Round "5"]
[White "Petriashvili02"]
[Black "SantoBlue"]
[Result "0-1"]
[WhiteElo "2322"]
[BlackElo "2532"]
[TimeControl "600+2"]
[EndTime "10:25:14 PDT"]
[Termination "SantoBlue won by resignation"]

1. d4 Nf6 2. c4 e6 3. Nf3 b6 4. g3 Bb7 5. Bg2 Be7 6. O-O O-O 7. Re1 Na6 8. Nc3 Ne4 9. Nxe4 Bxe4 10. Bd2 c5 11. Bc3 Nb4 12. Ne5 Bxg2 13. Kxg2 cxd4 14. Bxd4 Qc7 15. b3 Rfd8 16. Nf3 d5 17. a3 Nc6 18. cxd5 Nxd4 19. Rc1 Qb7 20. Qxd4 Bxa3 21. Ra1 Rxd5 22. Qa4 Bf8 23. Rec1 Ra5 24. Qc4 Rxa1 25. Rxa1 b5 26. Qc3 a6 27. Qa5 Qe4 28. Qd2 h6 29. Rc1 Qb7 30. Qa5 Qd5 31. Rc3 Qe4 32. Re3 Qb7 33. Rd3 Rc8 34. h4 e5 35. Re3 e4 36. Nd2 Bc5 37. Rc3 e3+ 38. Nf3 exf2 39. h5 Qd7 40. Qa1 Bb6 41. Rxc8+ Qxc8 42. Qe5 Qc6 43. e3 f1=Q+ 44. Kxf1 Qxf3+ 45. Ke1 Qxe3+ 0-1

[Event "GrandPrix_30.05"]
[Site "Chess.com"]
[Date "2020.05.30"]
[Round "5"]
[White "Malysch"]
[Black "DenisQ"]
[Result "1/2-1/2"]
[WhiteElo "2274"]
[BlackElo "2187"]
[TimeControl "600+2"]
[EndTime "10:25:15 PDT"]
[Termination "Game drawn by agreement"]

1. d4 Nf6 2. c4 g6 3. g3 c6 4.
Bg2 d5 5. cxd5 cxd5 6. Nf3 Bg7 7.
Ne5 O-O 8. Nc3 Nfd7 9. Nxd5 Nxe5 10. dxe5 e6 11. Nf6+ Bxf6 12. exf6 Qxf6 13. O-O Nc6 14. Qa4 e5 15. Be3 Nd4 16. Bxd4 exd4 17. Rfd1 d3 18. Rxd3 Qxb2 19. Re1 Be6 20. Qa3 Qb5 21. Bf3 a5 22. Red1 Qb4 23. Qxb4 axb4 24. Rb1 Rxa2 25. Rxb4 Bh3 26.
Rd1 Rb8 27. Rb6 h5 28. Rdb1 Kg7 29. e3 Rd8 30. R6b2 Rxb2 31. Rxb2 Rc8 32. Rb1 b5 33. Be2 b4 34. f3 b3 35. Rxb3 Rc1+ 36. Kf2 Rh1 37. g4 hxg4 38. fxg4 Rxh2+ 39. Kg3 Rxe2 40. Kxh3 1/2-1/2

[Event "GrandPrix_30.05"]
[Site "Chess.com"]
[Date "2020.05.30"]
[Round "5"]
[White "RovenVogel"]
[Black "kirillshevchenko"]
[Result "0-1"]
[WhiteElo "2427"]
[BlackElo "2709"]
[TimeControl "600+2"]
[EndTime "10:25:18 PDT"]
[Termination "kirillshevchenko won by resignation"]

1. d4 Nf6 2. c4 g6 3. Nc3 d5 4. cxd5 Nxd5 5. e4 Nxc3 6. bxc3 Bg7 7. Bc4 c5 8. Ne2 Nc6 9. Be3 O-O 10. O-O Qc7 11.
Rc1 a6 12. Qd2 b5 13. Bd3 Rd8 14. Bh6 Bh8 15. e5 Nxe5 16. Qf4 Bb7 17. Bb1 Qc6 18. f3 Nc4 19. Be4 Qd7 20. dxc5 Rac8 21. a4 Rxc5 22. axb5 axb5 23. Bxb7 Qxb7 24. Ng3 Be5 25. Qg4 Bxg3 26.
Qxg3 f6 27. Rcd1 Rcd5 28. Rxd5 Qxd5 29. Qc7 Qd6 30. Qb7 Qb6+ 31. Qxb6 Nxb6 32. Be3 Nd5 33. Rd1 e6 34. Bc5 Rc8 35. Bd4 Nxc3 36. Bxc3 Rxc3 37. Rd8+ Kg7 38. Rd7+ Kh6 39. f4 Rc4 40. g3 b4 41.
Rb7 g5 42. Rb6 gxf4 43. Rxe6 Kg5 44. gxf4+ Rxf4 45. Kg2 Rc4 46. Rb6 Rc2+ 47. Kg3 Rc3+ 0-1

[Event "GrandPrix_30.05"]
[Site "Chess.com"]
[Date "2020.05.30"]
[Round "5"]
[White "MAS_1704"]
[Black "Kildepiotr"]
[Result "1/2-1/2"]
[WhiteElo "2059"]
[BlackElo "1985"]
[TimeControl "600+2"]
[EndTime "10:25:26 PDT"]
[Termination "Game drawn - insufficient material"]

1. d4 c5 2. e3 Nf6 3. Nf3 d5 4. b3 Nc6 5. Bb2 Bg4 6. Be2 e6 7. O-O cxd4 8. Nxd4 Bxe2 9. Qxe2 Rc8 10. Rc1 Be7 11.
Nd2 O-O 12. c4 a6 13. h3 Qd7 14. N2f3 Ne4 15. Nxc6 Qxc6 16. Ne5 Qd6 17. cxd5 Qxd5 18.
Rd1 Qb5 19. Qxb5 axb5 20. Rd7 Bf6 21. Rxb7 Rc2 22. Bd4 Rxf2 23. Rc1 Bxe5 24. Bxe5 Ra8 25.
Rxb5 Rfxa2 26. Rb7 h5 27. h4 R8a5 28. Bf4 Ra1 29.
Rxa1 Rxa1+ 30. Kh2 f6 31. Bc7 Re1 32. b4 Rxe3 33. b5 Rb3 34. b6 Kh7 35. Ra7 Nc5 36. Bd6 Ne4 37. Bc7 Nc5 38. Bd6 Rb5 39. Bf8 Kg6 40. Rxg7+ Kf5 41. Bxc5 Rxc5 42. b7 Rb5 43. Rh7 Kg6 44. Rc7 Rb3 45. Kg1 Rb2 46.
Kh2 e5 47. Kg3 Kf5 48. Kf3 Rb3+ 49. Kf2 Kf4 50. g3+ Ke4 51. Rc4+ Kf5 52. Rc7 Ke6 53. Rh7 e4 54. Rc7 Kf5 55. Rg7 Ke5 56. Re7+ Kd5 57.
Rf7 Ke6 58. Rh7 f5 59. Rh6+ Ke5 60. Rxh5 Rxb7 61. g4 Rb2+ 62. Ke3 Rb3+ 63. Ke2 Kf4 64. Rxf5+ Kxg4 65. Rf8 Rh3 66. h5 Kxh5 67. Rf4 e3 68. Rf3 Kg4 69. Rxh3 Kxh3 70. Kxe3 1/2-1/2

[Event "GrandPrix_30.05"]
[Site "Chess.com"]
[Date "2020.05.30"]
[Round "5"]
[White "Zubrrr"]
[Black "DariaVoit"]
[Result "0-1"]
[WhiteElo "2536"]
[BlackElo "2399"]
[TimeControl "600+2"]
[EndTime "10:25:34 PDT"]
[Termination "DariaVoit won by resignation"]

1. c4 e5 2. g3 Nf6 3. Bg2 d5 4.
cxd5 Nxd5 5. Nc3 Nb6 6. Nf3 Nc6 7. O-O Be7 8. a3 O-O 9. b4 Be6 10. d3 f6 11. b5 Nd4 12. Nd2 Qc8 13. e3 Nf5 14.
Qc2 a6 15. bxa6 Rxa6 16. Bb2 c6 17. Nb3 Bf7 18. Rfb1 Rd8 19. Bc1 Qa8 20. Ne4 Bxa3 21. Nbc5 Bxc5 22. Rxa6 Qxa6 23. Nxc5 Qa7 24. Bd2 Nd6 25.
Nxb7 Qxb7 26. Ba5 Ndc8 27. Qc5 Rxd3 28. Bxb6 Ba2 29. Rb2 Rd1+ 30. Bf1 Qa6 0-1

[Event "GrandPrix_30.05"]
[Site "Chess.com"]
[Date "2020.05.30"]
[Round "5"]
[White "IriBu"]
[Black "Forking_U"]
[Result "0-1"]
[WhiteElo "2182"]
[BlackElo "2155"]
[TimeControl "600+2"]
[EndTime "10:25:36 PDT"]
[Termination "Forking_U won by resignation"]

1. e4 e5 2. Nf3 Nc6 3. d4 exd4 4. Nxd4 Nf6 5. Nxc6 bxc6 6. Bd3 d5 7. exd5 cxd5 8. O-O Be7 9. c4 d4 10. Bg5 O-O 11.
Nd2 a5 12. Re1 Re8 13. Qf3 Rb8 14. Bxf6 Bxf6 15. Ne4 Be5 16. Ng3 g6 17. Rab1 a4 18. Be4 Qf6 19. Bc6 Qxf3 20. gxf3 Re6 21. Bd5 Re7 22.
f4 Bd6 23. Ne4 Bb4 24. Red1 Bf5 25. f3 Bd6 26. b3 axb3 27. Rxb3 Rxb3 28. axb3 Bxf4 29.
b4 Kg7 30. Kg2 Bd7 31. Rxd4 Be5 32. Rd3 c6 33. Bxc6 Bxc6 34. b5 Be8 35. Rd5 Bf4 36.
Nd6 Bd7 37. Kf2 Bxh2 38. c5 Bxd6 39. cxd6 Re8 40. Rc5 Rb8 41. Ke3 Rxb5 42. Rc7 Be6 43. Ke4 Rd5 44. Rc6 Rd1 45. Rb6 Kf6 46. f4 h5 47. Ke3 h4 48. Ke2 Rd5 49. Kf3 h3 50. Kg3 Rd3+ 51. Kh2 Kf5 52. Rb5+ Kxf4 53. Rb4+ Kg5 54.
Rb5+ f5 55. Rb6 Kg4 56. Rb4+ f4 57. Rb1 Rd2+ 58. Kh1 Bd5+ 59. Kg1 h2+ 0-1

[Event "GrandPrix_30.05"]
[Site "Chess.com"]
[Date "2020.05.30"]
[Round "5"]
[White "vagpat"]
[Black "DenLaz"]
[Result "0-1"]
[WhiteElo "2211"]
[BlackElo "2540"]
[TimeControl "600+2"]
[EndTime "10:25:38 PDT"]
[Termination "DenLaz won by resignation"]

1. e4 e5 2. Nf3 Nc6 3. Bc4 Bc5 4. c3 Nf6 5. d3 d6 6. h3 a6 7. Bb3 h6 8. Nbd2 Be6 9. Nf1 d5 10. Qe2 O-O 11. Ng3 Re8 12. O-O Qd7 13. Be3 Bf8 14. Rad1 d4 15. Bxe6 Rxe6 16. cxd4 Nxd4 17. Bxd4 exd4 18.
Nh4 c5 19. Rc1 Rae8 20. f4 Nd5 21. Nhf5 g6 22. Nh4 Ne3 23. Rf2 f5 24. exf5 Nxf5 25. Qg4 h5 26. Nxh5 Qf7 27. Nxf5 Qxf5 28. Qxf5 gxf5 29.
Ng3 Re3 30. Nxf5 Rxd3 31. Kf1 b5 32. Re2 Rd8 33. Rec2 c4 34. b3 Rd5 35. Nh4 cxb3 36.
axb3 Rxb3 37. Ra2 Ra3 38. Rb2 d3 39. Rd1 Bg7 40. Rb4 Ra1 41. Rxa1 Bxa1 42. Rb1 Bc3 43. Nf3 a5 44. Kf2 a4 45. Rc1 d2 46. Rd1 a3 47. Ke2 a2 48. Ng5 a1=Q 49. Rxa1 Bxa1 50. Kd1 Bc3 51. Ne4 b4 52. g4 Ra5 53. Ke2 Ra2 54.
f5 Ra1 55. Nf2 Re1+ 56. Kd3 Rf1 0-1

[Event "GrandPrix_30.05"]
[Site "Chess.com"]
[Date "2020.05.30"]
[Round "5"]
[White "SacrificeGod"]
[Black "SergeyVashchilov"]
[Result "1-0"]
[WhiteElo "2235"]
[BlackElo "2043"]
[TimeControl "600+2"]
[EndTime "10:25:39 PDT"]
[Termination "SacrificeGod won by checkmate"]

1. e4 e6 2. d4 d5 3. Nd2 Nc6 4. Ngf3 Nf6 5. e5 Nd7 6. Nb3 a5 7. a4 b6 8. Be2 Ba6 9. Bxa6 Rxa6 10.
O-O Be7 11. c3 Ra8 12. Ne1 f6 13. exf6 Bxf6 14. f4 O-O 15. Nd3 Qe8 16. Nd2 Ne7 17.
Nf3 Qg6 18. Qe2 Qf5 19. Re1 Kf7 20. Ng5+ Bxg5 21. fxg5 Kg8 22. Qxe6+ Rf7 23. Qxf5 Nxf5 24. Nf4 c6 25. g6 hxg6 26. Nxg6 Kh7 27. Nf4 Nf6 28.
Ne6 Re7 29. Ng5+ Kg6 30. Rxe7 Nxe7 31. Bf4 Kf5 32. Rf1 Ng6 33. Bc1+ Kg4 34. h3+ Kg3 35.
Ne6 Nh5 36. Rf3+ Kh4 37. Bg5# 1-0

[Event "GrandPrix_30.05"]
[Site "Chess.com"]
[Date "2020.05.30"]
[Round "5"]
[White "BMOchsner"]
[Black "AsadliVugar"]
[Result "0-1"]
[WhiteElo "2314"]
[BlackElo "2530"]
[TimeControl "600+2"]
[EndTime "10:25:40 PDT"]
[Termination "AsadliVugar won on time"]

1. e4 g6 2. d4 Bg7 3. Nc3 d6 4. Be3 a6 5. h4 h6 6. Qd2 b5 7.
O-O-O Bb7 8. f3 Nd7 9. Nh3 Rc8 10. Nf2 c5 11. dxc5 Nxc5 12. Kb1 Nd7 13. Bd4 Bxd4 14. Qxd4 Ngf6 15. h5 gxh5 16. Nh3 Rg8 17. Qd2 Qc7 18.
Nf4 Qc5 19. Nd3 Qc7 20. Qxh6 e6 21. Rd2 Ke7 22. Qe3 Bc6 23. Nf4 Rh8 24. Nfd5+ Bxd5 25. exd5 Qc5 26. Qe1 e5 27. f4 Rcg8 28. Bd3 Rg4 29. fxe5 Nxe5 30. Re2 Qd4 31. Bf5 Rf4 32. Bh3 b4 33. g3 Rf3 34. Ne4 Nxd5 35. Rd2 Qc4 36. Bf1 Qc6 37. Bg2 Nc3+ 38. Nxc3 bxc3 39. Re2 Qb5 40. b3 Rxg3 41. Rh4 Rg4 42. Rh3 Rhg8 43.
Bf1 Rg1 44. Rxc3 Qa5 45. Rce3 Qxe1+ 46. Rxe1 Rh1 47. Bxa6 Rgg1 48. Rxg1 Rxg1+ 49. Kb2 f5 50. Bb7 Kf6 51. a4 f4 52. Rh3 Rg7 53. Bd5 Kg5 54.
a5 Ra7 55. b4 h4 56. Rb3 Kg4 57. b5 Rxa5 58. b6 Rxd5 59. b7 Nd7 60. b8=Q Nxb8 61. Rxb8 h3 0-1

[Event "GrandPrix_30.05"]
[Site "Chess.com"]
[Date "2020.05.30"]
[Round "5"]
[White "Hrant_ChessMood"]
[Black "Martin_Petrov2000"]
[Result "1/2-1/2"]
[WhiteElo "2740"]
[BlackElo "2314"]
[TimeControl "600+2"]
[EndTime "10:25:43 PDT"]
[Termination "Game drawn by repetition"]

1. d4 Nf6 2. c4 e6 3. Nf3 b6 4. g3 Ba6 5. Nbd2 Be7 6. Bg2 d5 7. O-O O-O 8. b3 c5 9. Bb2 Nc6 10. Rc1 Rc8 11. dxc5 bxc5 12. cxd5 exd5 13. Re1 Re8 14. a3 Bf8 15. e3 Ne4 16. Nxe4 dxe4 17. Nd2 Bd3 18. Qg4 Qd5 19. h4 f5 20. Qh5 Qf7 21. Qxf7+ Kxf7 22. Bc3 Red8 23. Bf1 Rb8 24. f3 exf3 25. Kf2 c4 26. Nxc4 Rxb3 27. Bxd3 Rxd3 28.
Ne5+ Nxe5 29. Bxe5 Ke6 30. Bf4 Rdc3 31. Kxf3 Bxa3 32.
Rxc3 Rxc3 33. Rb1 Rd3 34. Rb7 Rd7 35. Rb5 Bd6 36. Ra5 Bxf4 37. Kxf4 g6 38. h5 Re7 39. Kg5 gxh5 40. Kf4 Rf7 41. Rb5 Kf6 42. Ra5 h6 43.
Ra6+ Kg7 44. Rc6 Rf6 45. Rc7+ Rf7 46. Rc6 Kh7 47. Ra6 Kg7 48. Rc6 1/2-1/2

[Event "GrandPrix_30.05"]
[Site "Chess.com"]
[Date "2020.05.30"]
[Round "5"]
[White "Msb2"]
[Black "Onischuk_V"]
[Result "1-0"]
[WhiteElo "2692"]
[BlackElo "2521"]
[TimeControl "600+2"]
[EndTime "10:25:47 PDT"]
[Termination "Msb2 won by resignation"]

1. d4 d6 2. Nf3 g6 3. c4 Bg7 4.
Nc3 Nf6 5. e4 O-O 6. Be2 Nbd7 7.
O-O e5 8. Be3 c6 9. Qc2 Qe7 10.
Rad1 Re8 11. d5 c5 12. Ne1 Rf8 13. Nd3 Ne8 14. Qd2 Nb6 15. b3 f5 16. exf5 gxf5 17. f4 e4 18. Ne1 Nf6 19. Nc2 h5 20. h3 Nbd7 21. Bf2 Rf7 22. Ne3 Nf8 23. Bh4 Ng6 24.
Bxf6 Bxf6 25. Bxh5 Rg7 26. Kh2 Bd7 27. Ne2 Kh8 28. Bxg6 Rxg6 29. g3 Rag8 30. Rf2 Qh7 31. Rh1 Rh6 32. Kg1 b5 33. cxb5 Bxb5 34. Rg2 Bxe2 35.
Qxe2 Bd4 36. Rhh2 Rg7 37. g4 Kg8 38. Kh1 Rxh3 39. Nxf5 Rxh2+ 40. Rxh2 Qxf5 41. Rh8+ Kxh8 42. gxf5 e3 43. f6 Rf7 44. Kg2 Rxf6 45. Qh5+ Kg7 46.
Kf3 Rg6 47. Qf5 Rg1 48. Qd7+ Kg8 49. Qxd6 Rf1+ 50. Kg4 Rf2 51. Qe6+ Kg7 52. d6 e2 53. d7 Bf6 54. Qxf6+ Kxf6 55. d8=Q+ Ke6 56. Qd2 1-0